cohdb
Replays
Latest Replays
All Replays
Popular Replays
Top Player Replays
Match Explorer
How It Works
Community
CoH3 Stats
Reddit
Sign in to upload your games and track your stats! →
Sign in with Steam
Match 46341031
Unlisted
Match 46341031
Overview
Messages
Build Orders
End
Pioneer Squad
Construct Infanterie Kompanie
MG 42 Machine Gun Team
Grenadier Squad
Grenadier Squad
Grenadier Squad
Selects Mechanized Battlegroup
Grenadier Squad
Construct Luftwaffe Kompanie
Selects Raid Package
Jäger Squad
Medical Station
Selects StuG Assault Group
StuG Assault Group
Jäger Squad
Jäger Squad
Construct Panzer Kompanie
Selects UNKNOWN (2160084)
Selects Spotting Scopes
Selects Wespe Self-propelled Artillery
Panther Heavy Tank
Wespe Self-propelled Artillery
Selects Zeroing Artillery Barrage
Pioneer Squad
Stoßtruppen Squad
Zeroing Artillery Barrage
Pioneer Squad
Pioneer Squad
T.R. Olvadi
Nico-Nico-Nii~~
-AL- Nimahfrosch
Timeless
0
0
Comments
sign in to comment!
No comments posted yet!